 Dungeon Crawl Stone Soup version 0.20.1-1-g8b1a95d (webtiles) character file.

80 Monsterracer the Grave Robber (level 4, -1/38 HPs)
             Began as a Deep Dwarf Necromancer on July 9, 2017.
             Slain by an orc priest
             ... wielding a +0 trident
              (3 damage)
             ... on level 3 of the Dungeon.
             The game lasted 00:12:05 (2698 turns).

Monsterracer the Grave Robber (DDNe)                Turns: 2698, Time: 00:12:06

Health: -1/38      AC:  2    Str: 11    XL:     4   Next: 18%
Magic:  2/7        EV: 13    Int: 16    God:
Gold:   85         SH:  0    Dex: 14    Spells: 2/7 levels left

rFire    . . .     SeeInvis .   n - +0 hand axe
rCold    . . .     Gourm    .   (no shield)
rNeg     . . .     Faith    .   a - +0 robe
rPois    .         Spirit   .   (no helmet)
rElec    .         Reflect  .   (no cloak)
rCorr    .         Harm     .   (no gloves)
MR       .....                  (no boots)
Stlth    ++........             (no amulet)
Regen    0.0/turn               (no ring)
MPRegen  0.1/turn               (no ring)

@: non-regenerating
A: damage resistance, heal wounds, sense surroundings 1, no regeneration
a: Heal Wounds


You were on level 3 of the Dungeon.
You were hungry.

You visited 1 branch of the dungeon, and saw 3 of its levels.

You collected 85 gold pieces.

Inventory:

Hand Weapons
 n - a +0 hand axe (weapon)
Armour
 a - a +0 robe (worn)
Wands
 f - a wand of iceblast (11/15)
Scrolls
 d - a scroll of amnesia {unknown}
 e - a scroll of identify {unknown}
 h - a scroll of fear {unknown}
 i - a scroll of immolation {unknown}
 k - 2 scrolls of remove curse {unknown}
 l - a scroll of noise {unknown}
Potions
 j - a potion of ambrosia
Books
 b - a book of Necromancy

   Spells                             Type                      Level
   a - Pain                           Necromancy                   1
   b - Animate Skeleton               Necromancy                   1
   c - Vampiric Draining              Necromancy                   3
   d - Regeneration                   Charms/Necromancy            3
   e - Animate Dead                   Necromancy                   4
   f - Control Undead                 Necromancy                   4
Comestibles
 c - a bread ration


   Skills:
 - Level 1.5 Fighting
 + Level 1.5 Axes
 - Level 2.3 Dodging
 - Level 2.6 Stealth
 - Level 2.1 Spellcasting
 - Level 5.1 Necromancy


You had 2 spell levels left.
You knew the following spells:

 Your Spells              Type           Power        Failure   Level  Hunger
a - Pain                  Necr           ###.         2%          1    #......
b - Vampiric Draining     Necr           ###.......   8%          3    ###....
c - Animate Skeleton      Necr           N/A          2%          1    #......


Dungeon Overview and Level Annotations

Branches:
Dungeon (3/15)

Altars:
Cheibriados

Annotations:
D:3 Sigmund


Innate Abilities, Weirdness & Mutations

You are resistant to damage.
You can heal yourself by infusing magical energy.
You passively map a small area around you.
You do not regenerate.


Message History

Huge Dmg: -31%(-12hp) hp: 35%(13hp)
You slash the orc priest!
The orc priest is severely wounded.
You barely miss something. You hit the orc. Something hits you.
The orc closely misses you. The orc priest hits you with a trident!
* * * LOW HITPOINT WARNING * * *
Something hits you.
Huge Dmg: -24%(-9hp) hp: 11%(4hp)
You barely miss the orc priest.
The orc priest is severely wounded.
You hit something but do no damage. You closely miss the orc.
The orc hits you with a flail.
* * * LOW HITPOINT WARNING * * *
The orc priest misses you. Something hits you.
Huge Dmg: -5%(-2hp) hp: 6%(2hp)
You hit the orc priest but do no damage.
The orc priest is severely wounded.
You hit something but do no damage. You closely miss the orc.
The orc closely misses you. The orc priest hits you with a trident.
You die...

#### * #... * , . ########
#.##
,,.....#......##########.##
o....'.o@.).............. *
.....#.o.####...######.##
,, .......###..###..# #.# ,
.....##.o....##.# ###'## *
###...o†.##.....# #..... ,
#.....####....# #.....
#%....#* #....# #.....
#......##.....# #.....
##.##......##.# #.....


You could see an orc priest and an orc.

Vanquished Creatures
  An adder (D:2)
  3 dart slugs (D:1)
  2 leopard geckos
  2 orcs (D:3)
  3 giant cockroaches (D:1)
  7 goblins
  9 hobgoblins
  4 jackals (D:1)
  A ball python (D:1)
  5 bats
  3 frilled lizards
  9 kobolds
  9 rats
58 creatures vanquished.

Notes
Turn   | Place    | Note
-------+----------+-------------------------------------------
     0 | D:1      | Monsterracer the Deep Dwarf Necromancer began the quest for the Orb.
     0 | D:1      | Reached XP level 1. HP: 15/15 MP: 3/3
   203 | D:1      | Reached XP level 2. HP: 22/22 MP: 1/5
   738 | D:1      | Reached XP level 3. HP: 24/30 MP: 3/6
   743 | D:1      | Learned a level 3 spell: Vampiric Draining
   799 | D:1      | Reached skill level 1 in Fighting
  1144 | D:2      | Reached skill level 5 in Necromancy
  1571 | D:2      | Learned a level 1 spell: Animate Skeleton
  1929 | D:2      | Reached XP level 4. HP: 31/38 MP: 0/7
  2019 | D:2      | Reached skill level 1 in Axes
  2138 | D:3      | Noticed Sigmund
  2139 | D:3      | Found a snail-covered altar of Cheibriados.
  2698 | D:3      | Slain by an orc priest

Skill      XL: |  1  2  3  4 |
---------------+-------------+-----
Spellcasting   | 2 |  2.1
Fighting       | 1 |  1.5
Necromancy     | 5 |  5.1
Axes           | 1 |  1.5
Dodging        | |  2.3
Stealth        | |  2.6

Action                   |  1- 3 |  4- 6 || total
-------------------------+-------+-------++-------
Melee: Dagger            |    45 |       ||    45
       Hand axe          |     5 |    10 ||    15
 Cast: Pain              |    50 |     2 ||    52
       Vampiric Draining |     6 |    11 ||    17
  Use: Potion            |     5 |       ||     5
 Stab: Sleeping          |     1 |     1 ||     2
  Eat: Chunk             |     4 |     4 ||     8
Armor: Robe              |     7 |     3 ||    10
Dodge: Dodged            |    48 |    15 ||    63
